AoeStats
← Obelix

Arena

508643571Analyzed
1v1 RM · 10d ago on Sep 23, 2026· 45m 38s· 2 players
Game mode
Random Map
Map size
Tiny (2 player)
Population
200
Speed
Normal
Resources
Standard
Victory
Conquest
Starting age
Dark Age
Ending age
Imperial Age
RankedLock teamsTeams togetherTeam positionsShared explorationLock speedFull tech treeHidden civsTurbo modeCheats
Victory
Defeat
🇦🇺 Bengalis · Australia
749
+34
🇨🇿 Wu · Czechia
780
-17
Obelix
2:46 Loom
10:52 Feudal Age
11:01 Man-at-Arms
14:14 Fletching
15:22 Double-Bit Axe
15:58 Horse Collar
20:04 Padded Archer Armor
22:31 Castle Age
22:18 Forging
24:33 Wheelbarrow
24:13 Bloodlines
24:05 Husbandry
24:13 Scale Barding Armor
23:59 Crossbowman
24:02 Elite Skirmisher
24:39 Gold Mining
24:40 Stone Mining
25:35 Bow Saw
26:09 Scale Mail Armor
26:25 Heavy Plow
30:53 Gold Shaft Mining
33:38 Iron Casting
34:33 Bodkin Arrow
34:55 Leather Archer Armor
40:22 Imperial Age
38:09 Hand Cart
39:13 Chain Barding Armor
39:09 Chain Mail Armor
39:32 Paiks
41:23 Conscription
41:03 Elite Ratha (Ranged)
42:08 Murder Holes
42:34 Ballistics
44:30 Ring Archer Armor
44:01 Bracer
44:38 Plate Barding Armor
44:19 Chain Mail Armor
DancyCake1070
14:17 Feudal Age
14:50 Horse Collar
14:58 Double-Bit Axe
16:18 Wheelbarrow
16:52 Gold Mining
16:53 Stone Mining
23:10 Fletching
23:20 Padded Archer Armor
26:07 Castle Age
24:51 Forging
25:47 Scale Barding Armor
26:59 Bloodlines
26:57 Scale Mail Armor
26:36 Elite Skirmisher
26:39 Crossbowman
27:19 Bodkin Arrow
27:39 Leather Archer Armor
27:41 Bow Saw
28:54 Gold Shaft Mining
37:31 Imperial Age
37:04 Heavy Plow
38:14 Iron Casting
37:54 Chain Mail Armor
38:00 Chain Barding Armor
37:45 Squires
37:31 Arson
38:27 Sitting Tiger
40:16 Two-Man Saw
41:48 Bracer
45:52 Hand Cart
Connection lost

Rejoining the realm…

Still unreachable

The connection could not be restored.

Session expired

The server has moved on; the page needs a fresh start.